 Dungeon Crawl Stone Soup version 0.32-a0-468-g38b2580584 (webtiles) character file.

Game seed: 6066404716813711260

217 ezpacito the Trooper (level 5, 0/41 HPs)
             Began as a Demonspawn Chaos Knight on Feb 25, 2024.
             Was a Plaything of Xom.
             Slain by an ogre
             ... wielding a +0 giant club
              (41 damage)
             ... on level 4 of the Dungeon.
             The game lasted 00:02:40 (2987 turns).

ezpacito the Trooper (Demonspawn Chaos Knight)      Turns: 2987, Time: 00:02:41

Health: 0/41       AC:  9    Str: 13    XL:     5   Next: 62%
Magic:  7/7        EV: 12    Int: 12    God:    Xom [*.....]
Gold:   207        SH:  0    Dex: 16    Spells: 6/6 levels left

rFire   . . .        a - +0 hand axe (chaos)
rCold   . . .        (no shield)
rNeg    . . .        b - +2 leather armour
rPois   +            (helmet unavailable)
rElec   .            (no cloak)
rCorr   .            (no gloves)
SInv    .            (no boots)
Will    .....        (no amulet)
Stlth   ++           k - ring of poison resistance
HPRegen 0.26/turn    i - +4 ring of protection
MPRegen 0.10/turn

%: no passive effects
@: no status effects
A: horns 3, sanguine armour 1, agile 1, mutation resistance 1, MP-powered wands
a: Renounce Religion


You were on level 4 of the Dungeon.
You worshipped Xom.
You were a special plaything of Xom.
You visited 1 branch of the dungeon, and saw 4 of its levels.

You collected 207 gold pieces.

Inventory:

Hand Weapons
 a - a +0 hand axe of chaos (weapon)
 A - a +0 war axe
Missiles
 e - 12 poisoned darts (quivered)
 r - 4 javelins
Armour
 b - a +2 leather armour (worn)
 s - a +0 chain mail
 y - a +2 hat
Magical Staves
 x - a staff of cold
Jewellery
 i - a +4 ring of protection (right hand)
 k - a ring of poison resistance (left hand)
 u - an amulet of magic regeneration
Talismans
 t - a dragon-blood talisman
 v - a beast talisman
Wands
 w - a wand of flame (23)
Scrolls
 c - a scroll of butterflies
 f - a scroll of noise {unknown}
 g - a scroll of revelation {unknown}
 h - a scroll of enchant weapon {unknown}
 j - a scroll of fog {unknown}
 n - 3 scrolls of identify {unknown}
 o - a scroll of amnesia {unknown}
Potions
 d - a potion of curing {unknown}
 l - a potion of haste {unknown}
 m - a potion of might {unknown}
 p - a potion of resistance {unknown}
 q - a potion of attraction {unknown}
 z - a potion of brilliance {unknown}
 B - a potion of invisibility {unknown}


   Skills:
 * Level 3.6 Fighting
 * Level 3.2(3.4) Axes
 + Level 1.1(2.3) Polearms
 + Level 0.4 Throwing
 * Level 2.4 Armour
 * Level 1.8 Dodging
 + Level 0.9 Stealth
 * Level 1.6 Unarmed Combat
 * Level 1.4 Spellcasting
 + Level 0.8 Evocations


You had 6 spell levels left.
You didn't know any spells.
Your spell library contained the following spells:

 Spells                   Type           Power      Damage    Failure   Level
 Freeze                   Ice            0%         1d3       36%         1
 Frozen Ramparts          Ice            0%         1d1       73%         3
 Hailstorm                Conj/Ice       0%         3d5       73%         3


Dungeon Overview and Level Annotations

Branches:
Dungeon (4/15)
 Temple: D:4-7

Altars:
Ru


Innate Abilities, Weirdness & Mutations

You have a pair of large horns on your head.
When seriously injured, your blood forms armour. (AC +0)
You are agile. (Dex +4, Str/Int -1)
You are somewhat resistant to further mutation.
You expend magic power (3 MP) to strengthen your wands.


Message History

No target in view!
No target in view!
No target in view!
No target in view!
No target in view!
No target in view!
No target in view!
Found a stone staircase leading down.
e - 12 poisoned darts (gained 4) No target in view!
No target in view!
You open the door.
There is an open door here.
An endoplasm and a hobgoblin come into view.
There are monsters nearby!
The hobgoblin shouts!
An orc comes into view. It is wielding a +0 hand axe.
The orc shouts!
You hear a shout!
An endoplasm comes into view.
An ogre comes into view. It is wielding a +0 giant club.
The endoplasm quivers.
The hobgoblin hits you but does no damage.
The endoplasm quivers.
You hit the hobgoblin. You freeze the hobgoblin.
You kill the hobgoblin!
An adder comes into view.
The orc barely misses you.
The adder hisses angrily.
You hit the orc. You freeze the orc. Your headbutt misses the orc.
The orc is severely wounded.
The orc misses you.
A goblin comes into view. It is wielding a +0 dagger.
The goblin shouts!
You hit the orc. You burn the orc.
You kill the orc!
You hit the ogre.
The ogre flies into a frenzy!
You hear a shout!
The ogre hits you with a +0 giant club!!!
Ouch! That really hurt!
You die...

# .# #. ..# .. .# #.g
..####### .##S#
..##....# .###..J# #.
..##....# .......##.#
..##....#####.##O)....#
...#....#.....#.@.J...#
..............#....$..#
.............>#.......##
...######.....#.........
#..# #..............#
#..# #.....##........
#..# #......'......?#
#..##########.##.......#
#.........# #.######+###


You could see an adder, 2 endoplasms, a goblin and a neutral ogre (fast, strong,
frenzied).

Vanquished Creatures
  A black bear (D:4)
  3 gnolls (D:4)
  An adder (D:3)
  2 ribbon worms
  A dart slug (D:1)
  3 orcs
  A bat (D:1)
  8 endoplasms
  8 giant cockroaches
  9 goblins
  6 hobgoblins
  5 jackals
  A quokka (D:2)
  5 ball pythons
  2 frilled lizards
  5 kobolds
  3 rats
64 creatures vanquished.

Vanquished Creatures (collateral kills)
  An endoplasm (D:2)
1 creature vanquished.

Vanquished Creatures (others)
  A jackal zombie (D:2)
1 creature vanquished.

Grand Total: 66 creatures vanquished

Notes
Turn   | Place    | Note
-------+----------+-------------------------------------------
     0 | D:1      | ezpacito the Demonspawn Chaos Knight began the quest for
                  | the Orb.
     0 | D:1      | Reached XP level 1. HP: 18/18 MP: 1/1
    21 | D:1      | Reached skill level 1 in Dodging
   162 | D:1      | Gained mutation: You have a pair of small horns on your
                  | head. [demonic ancestry]
   162 | D:1      | Reached XP level 2. HP: 24/24 MP: 2/2
   407 | D:1      | You fall into a shaft and drop 1 floor!
   562 | D:1      | XOM: silly message
   672 | D:1      | Gained mutation: When seriously injured, your blood forms
                  | armour. (AC +0) [demonic ancestry]
   672 | D:1      | Reached XP level 3. HP: 29/29 MP: 3/3
   794 | D:1      | XOM: divination: detect items
   995 | D:2      | XOM: give mutations
   995 | D:2      | Gained mutation: You have a pair of horns on your head.
                  | [Xom's grace]
   995 | D:2      | Gained mutation: You are agile. (Dex +4, Str/Int -1) [Xom's
                  | grace]
  1094 | D:2      | XOM: give mutations
  1094 | D:2      | Gained mutation: You are somewhat resistant to further
                  | mutation. [Xom's grace]
  1094 | D:2      | Gained mutation: You expend magic power (3 MP) to
                  | strengthen your wands. [Xom's grace]
  1534 | D:3      | Reached skill level 1 in Unarmed Combat
  1657 | D:3      | Reached skill level 1 in Spellcasting
  1657 | D:3      | Mutation became permanent: You have a pair of small horns
                  | on your head. [demonic ancestry]
  1657 | D:3      | Gained mutation: You have a pair of horns on your head.
                  | [demonic ancestry]
  1657 | D:3      | Reached XP level 4. HP: 34/35 MP: 5/5
  1892 | D:3      | Found a faded altar of an unknown god.
  2047 | D:3      | Found a faded altar of an unknown god.
  2051 | D:3      | Found a sacrificial altar of Ru.
  2073 | D:3      | XOM: god gift: staff of cold
  2525 | D:4      | Noticed a black bear
  2543 | D:4      | Killed a black bear
  2544 | D:4      | Reached skill level 1 in Polearms
  2544 | D:4      | Gained mutation: You have a pair of large horns on your
                  | head. [demonic ancestry]
  2544 | D:4      | Reached XP level 5. HP: 24/41 MP: 6/6
  2777 | D:4      | XOM: smoke on damage
  2982 | D:4      | Noticed an ogre
  2987 | D:4      | Slain by an ogre

Illustrated notes

Levels and vault maps discovered:
D:1:      giann_bridges, layout_basic
D:2:      layout_basic, kennysheep_crisscross
D:3:      layout_basic, nicolae_overflow_ecumenical_swirl,
          shapermc_ecumenical_altar_mp_ritualfount, grunt_decor_one_mirror,
          lightli_corner_chamber
D:4:      layout_basic, mainiacjoe_overflow_swirl, minmay_vboxes, uniq_ijyb

Skill      XL: |  1  2  3  4 |
---------------+-------------+-----
Dodging        | 1 |  1.8
Armour         | 2 |  2.4
Axes           | 3 |  3.2
Unarmed Combat | 1 |  1.6
Spellcasting   | 1 |  1.4
Polearms       | 1 |  1.1
Fighting       | |  3.6
Throwing       | |  0.4
Stealth        | |  0.9
Evocations     | |  0.8

Action                     |  1- 3 |  4- 6 || total
---------------------------+-------+-------++-------
  Melee: Hand axe          |   117 |    81 ||   198
         Headbutt          |    17 |    18 ||    35
   Stab: Petrified         |     2 |       ||     2
         Sleeping          |     1 |       ||     1
 Armour: Leather armour    |    63 |    43 ||   106
  Dodge: Dodged            |    89 |    62 ||   151

Table legend: (Time is in decaauts)
 A = Elapsed time spent in this place.
 B = Non-inter-level travel time spent in this place.
 C = Inter-level travel time spent in this place.
 D = Time resting spent in this place.
 E = Time spent auto-exploring this place.
 F = Levels seen in this place.
 G = Mean time per level.
                   A        B        C        D        E       F      G
               +--------+--------+--------+--------+--------+-----+--------+
         Total |   3016 |   2687 |    329 |      0 |   2194 |   4 |  754.0 |
       Dungeon |   3016 |   2687 |    329 |      0 |   2194 |   4 |  754.0 |
               +--------+--------+--------+--------+--------+-----+--------+

Top non-repeatable levels by time:
     D:3: 868 daAuts
     D:1: 817 daAuts
     D:2: 746 daAuts
     D:4: 582 daAuts
